 Dungeon Crawl Stone Soup version 0.30-a0-313-gae38170b09 (webtiles) character file.

Game seed: 12936879402528898359

9688 retardedninja the Cleaver (level 11, -4/97 HPs)
             Began as a Hill Orc Fighter on Oct 26, 2022.
             Was an Initiate of Gozag.
             Slain by a death yak (20 damage)
             ... on level 10 of the Dungeon.
             The game lasted 00:17:26 (16274 turns).

retardedninja the Cleaver (Hill Orc Fighter)       Turns: 16274, Time: 00:17:27

Health: -4/97      AC: 27    Str: 24    XL:     11   Next: 50%
Magic:  11/11      EV:  7    Int:  8    God:    Gozag
Gold:   456        SH:  5    Dex: 10    Spells: 10/10 levels left

rFire   . . .      SeeInvis .    a - +0 war axe (protect)
rCold   . . .      Faith    .    c - +0 buckler
rNeg    . . .      Spirit   .    q - +1 plate armour
rPois   .          Reflect  .    z - +1 helmet
rElec   .          Harm     .    v - +0 cloak
rCorr   .          Rampage  .    (no gloves)
Will    .....                    (no boots)
Stlth   ..........               (no amulet)
HPRegen 0.36/turn                (no ring)
MPRegen 0.12/turn                (no ring)

@: gold aura, under a protective aura
A: no striking features
a: Renounce Religion, Potion Petition, Call Merchant, Bribe Branch


You were on level 10 of the Dungeon.
You worshipped Gozag.
Gozag was aware of your devotion.
You visited 2 branches of the dungeon, and saw 12 of its levels.

You collected 1465 gold pieces.
You paid 1009 gold pieces to Gozag.

Inventory:

Hand Weapons
 a - a +0 war axe of protection (weapon)
Missiles
 j - a throwing net
 n - 2 javelins
 p - 2 datura-tipped darts (quivered)
 s - 5 silver javelins
Armour
 c - a +0 buckler (worn)
 q - a +1 plate armour (worn)
 v - a +0 cloak (worn)
 z - a +1 helmet (worn)
Jewellery
 k - a ring of protection from cold
 m - a +6 ring of strength
Wands
 f - a wand of flame (24)
 o - a wand of charming (9)
 w - a wand of iceblast (7)
 y - a wand of mindburst (13)
 A - a wand of polymorph (12)
 C - a wand of acid (19)
Scrolls
 b - 4 scrolls of butterflies
 e - 4 scrolls of teleportation
 g - 7 scrolls of immolation
 h - 4 scrolls of vulnerability
 i - 5 scrolls of poison
 r - a scroll of summoning
 t - a scroll of amnesia
 u - 3 scrolls of magic mapping
Potions
 d - a potion of flight {unknown}
 l - 2 potions of lignification
 x - 2 potions of degeneration {unknown}
 B - 2 potions of brilliance


   Skills:
 + Level 9.2 Fighting
 + Level 14.1 Axes
 + Level 3.4 Throwing
 + Level 11.5 Armour
 + Level 1.6 Dodging
 + Level 1.4 Stealth
 + Level 6.3 Shields


You had 10 spell levels left.
You didn't know any spells.
Your spell library contained the following spells:

 Spells                   Type           Power      Damage    Failure   Level
 Freeze                   Ice            0%         1d3       99%         1
 Blink                    Tloc           0%         N/A       100%        2
 Momentum Strike          Conj/Tloc      0%         3d8       100%        2
 Static Discharge         Conj/Air       0%         2-2/arc   100%        2
 Frozen Ramparts          Ice            0%         1d1       100%        3
 Hailstorm                Conj/Ice       0%         3d3       100%        3
 Lesser Beckoning         Tloc           0%         N/A       100%        3
 Vhi's Electric Charge    Tloc/Air       0%         N/A       100%        3
 Arcjolt                  Conj/Air       0%         1d10      100%        5
 Lightning Bolt           Conj/Air       0%         1d11      100%        5


Dungeon Overview and Level Annotations

Branches:
Dungeon (11/15)            Temple (1/1) D:7            Lair (0/5) D:11
    Orc: D:9-12

Altars:
Ashenzari
Cheibriados
Dithmenos
Elyvilon
Fedhas
Gozag
Hepliaklqana
Kikubaaqudgha
Makhleb
Nemelex Xobeh
Okawaru
Qazlal
Ru
Sif Muna
Trog
Uskayaw
Vehumet
Wu Jian
Xom
Yredelemnul
Zin
The Shining One

Shops:
D:8 [

Annotations:
D:8 3 runed translucent doors, IdlyInterested's ghost, novice DsWn


Message History

You block the death yak's attack.
You hit the death yak.
The death yak is moderately wounded.
You hit the yak but do no damage. The yak barely misses you.
The death yak gores you but does no damage.
You hit the death yak but do no damage.
The death yak is moderately wounded.
You slash the yak! You hit the death yak.
The death yak is heavily wounded.
You hit the yak. The yak gores you but does no damage. The death yak gores you!
You slash the death yak!
The death yak is heavily wounded.
You barely miss the yak. The yak gores you!
* * * LOW HITPOINT WARNING * * *
The death yak gores you but does no damage.
You slash the death yak!
The death yak is severely wounded.
You barely miss the yak. The yak gores you but does no damage.
The death yak gores you but does no damage.
You slash the death yak!
The death yak is severely wounded.
You hit the yak but do no damage. The yak gores you but does no damage.
You block the death yak's attack.
You barely miss the death yak.
The death yak is severely wounded.
You slash the yak!
You kill the yak!
You slash the death yak!
The death yak is almost dead.
The death yak completely misses you.
You hit the death yak.
The death yak is almost dead.
The death yak gores you!
* * * LOW HITPOINT WARNING * * *
You hit the death yak.
The death yak is almost dead.
The death yak gores you!!
You die...
Your body crumbles into a pile of gold.

~.~~≈~####.#########.#.#.# #.#
~.~~~~####.#####.........###.#
~.~~.......................#.#
~.~~.~####..####...........#.####
~.~~.~#####.####...........#.....
~.~~.~...#.......#'###'##########
#....~.#.#.[........##.##########
##~~.#.#.#......Y...##...........
###~.#.#.#......@...############.
######.#.#.#.....$.......#.....#.
.......#.#.#.##########.##.###.#.
########.#.#.########...##.#...#.
...........#........#.####.#.#.#.
########.##########.#..........#.
.............#..#...######.#.#.#.
#######.####.#..#.#...# #.#.#.#.
#.# #.#<.#.#.#.# #.#...#.


You could see a death yak.

Vanquished Creatures
  2 two-headed ogres (D:11)
  A death yak (D:11)
  A gargoyle (D:11)
  3 trolls
  A wyvern (D:9)
  A shadow (D:9)
  18 yaks
  2 wraiths
  2 steam dragons
  Edmund (D:4)
  An acid dragon (D:9)
  2 orc warriors
  2 ice beasts
  4 centaurs
  3 phantoms
  2 kobold brigands
  3 bullfrogs
  2 scorpions
  2 necrophages
  21 killer bees
  4 howler monkeys
  2 electric eels (D:10)
  A gnoll bouda (D:5)
  A jelly (D:8)
  3 hounds
  An orc priest (D:8)
  Terence (D:3)
  3 iguanas (D:6)
  4 orc wizards
  Natasha (D:2)
  2 hell rats (D:11)
  4 adders
  8 gnolls
  3 river rats (D:11)
  A white imp (D:8)
  A worm (D:2)
  2 dart slugs
  18 orcs
  2 bats
  5 endoplasms
  6 goblins
  10 hobgoblins
  5 quokkas
  3 ball pythons
  3 frilled lizards
  23 kobolds
  8 rats
199 creatures vanquished.

Notes
Turn   | Place    | Note
-------+----------+-------------------------------------------
     0 | D:1      | retardedninja the Hill Orc Fighter began the quest for the
                  | Orb.
     0 | D:1      | Reached XP level 1. HP: 19/19 MP: 1/1
    82 | D:1      | Reached XP level 2. HP: 27/27 MP: 2/2
   470 | D:1      | Reached skill level 3 in Axes
   659 | D:1      | Found a faded altar of an unknown god.
  1102 | D:2      | Reached XP level 3. HP: 30/33 MP: 3/3
  1660 | D:2      | Noticed Natasha
  1666 | D:2      | Killed Natasha
  1667 | D:2      | Reached skill level 4 in Axes
  1667 | D:2      | Reached XP level 4. HP: 35/41 MP: 4/4
  2180 | D:3      | Found a sparkling altar of Nemelex Xobeh.
  2199 | D:3      | Noticed Terence
  2214 | D:3      | Killed Terence
  2215 | D:3      | Reached XP level 5. HP: 46/47 MP: 5/5
  2525 | D:3      | Reached skill level 5 in Axes
  2658 | D:3      | Found a hazy altar of Hepliaklqana.
  2723 | D:4      | Noticed Edmund
  2736 | D:4      | Killed Edmund
  2737 | D:4      | Reached XP level 6. HP: 16/55 MP: 6/6
  3094 | D:4      | Reached skill level 6 in Axes
  3140 | D:4      | Reached skill level 5 in Fighting
  3741 | D:4      | Reached skill level 1 in Throwing
  3741 | D:4      | Reached skill level 5 in Armour
  3741 | D:4      | Reached XP level 7. HP: 58/61 MP: 7/7
  4341 | D:4      | Found a shimmering altar of Xom.
  4545 | D:5      | Entered Level 5 of the Dungeon
  4941 | D:5      | Reached skill level 7 in Axes
  5987 | D:6      | Noticed a steam dragon
  5994 | D:6      | Killed a steam dragon
  5995 | D:6      | Reached XP level 8. HP: 55/69 MP: 8/8
  6683 | D:7      | Reached skill level 8 in Axes
  7205 | D:7      | Reached skill level 9 in Axes
  7215 | D:7      | Reached XP level 9. HP: 59/75 MP: 9/9
  7560 | D:7      | Found a staircase to the Ecumenical Temple.
  7595 | Temple   | Entered the Ecumenical Temple
  7595 | Temple   | Noticed an orange demon
  7595 | Temple   | Noticed a rust devil
  7596 | Temple   | Noticed Xughol the pandemonium lord
  7596 | Temple   | Noticed a sun demon
  7596 | Temple   | Noticed Xaturewk the pandemonium lord
  7596 | Temple   | Noticed an Executioner
  7596 | Temple   | Noticed an Ice Fiend
  7597 | Temple   | Noticed a sixfirhy
  7599 | Temple   | Noticed Emmehynnuing the pandemonium lord
  7624 | Temple   | Noticed a blizzard demon
  7640 | Temple   | Noticed Utaetumo the pandemonium lord
  7655 | Temple   | Noticed a Brimstone Fiend
  7656 | Temple   | Noticed Nibetaf the pandemonium lord
  7666 | Temple   | Noticed a smoke demon
  7666 | Temple   | Noticed an orange demon
  7667 | Temple   | Noticed Axathroiku the pandemonium lord
  7687 | Temple   | Became a worshipper of Gozag Ym Sagoz the Greedy
  8124 | D:8      | Found a runed translucent gate.
  8125 | D:8      | Found a runed translucent gate.
  8125 | D:8      | Noticed IdlyInterested's ghost (novice DsWn)
  8126 | D:8      | Found a runed translucent gate.
  8208 | D:8      | Found Restough's Antique Armour Emporium.
  8305 | D:8      | Reached skill level 5 in Shields
  8877 | D:8      | Found a bloodstained altar of Trog.
  9331 | D:8      | Reached skill level 10 in Axes
  9897 | D:8      | Reached skill level 1 in Dodging
 10923 | D:8      | Reached skill level 11 in Axes
 10923 | D:8      | Reached XP level 10. HP: 57/86 MP: 10/10
 11269 | D:9      | You fall into a shaft and drop 1 floor!
 11269 | D:10     | Entered Level 10 of the Dungeon
 11883 | D:9      | Reached skill level 1 in Stealth
 11929 | D:9      | Reached skill level 12 in Axes
 13591 | D:10     | Reached skill level 10 in Armour
 13733 | D:10     | HP: 1/88 [electric eel/bolt of electricity (12)]
 13738 | D:10     | HP: 2/88 [electric eel/bolt of electricity (1)]
 14213 | D:10     | Reached XP level 11. HP: 78/95 MP: 11/11
 14319 | D:10     | Reached skill level 13 in Axes
 15046 | D:11     | Noticed a two-headed ogre
 15062 | D:11     | Killed a two-headed ogre
 15075 | D:11     | Found a staircase to the Lair.
 15084 | D:11     | Noticed a two-headed ogre
 15094 | D:11     | Killed a two-headed ogre
 15113 | D:11     | Noticed a death yak
 15573 | D:11     | Killed a death yak
 15574 | D:11     | Reached skill level 14 in Axes
 16236 | D:11     | Noticed a death yak
 16237 | D:11     | Noticed a death yak
 16274 | D:10     | Slain by a death yak

Illustrated notes

Levels and vault maps discovered:
D:1:      dpeg_arrival_shelter, layout_basic,
          hellmonk_ecumenical_altar_prayer_group
D:2:      layout_basic, minivault_14, uniq_natasha
D:3:      minmay_general_purpose_star, layout_basic,
          nemelex_xobeh_ov_fountains_minmay, mainiacjoe_overflow_alcove_2,
          uniq_terence
D:4:      layout_loops_ring, general_overflow_altar, uniq_edmund
D:5:      layout_loops_ring
D:6:      layout_basic, hangedman_glass_teeth
D:7:      layout_rooms, minmay_temple_entry_enclosed_plants
D:8:      layout_basic, trog_hazing_becter, gammafunk_ghost_nasty_kobolds,
          serial_shops, nicolae_lakefront_shop
D:9:      layout_cave_pools
D:10:     layout_basic
D:11:     layout_roguey, dpeg_lair_monsters, hiddenorc1_lemuel, demons_altar
Temple:   nicolae_temple_panitentiary

Skill      XL: |  1  2  3  4  5  6  7  8  9 10 11 |
---------------+----------------------------------+-----
Fighting       | 4 5 6 7 8 9 |  9.2
Axes           | 3 4 5 6 7 9 11 12 14 | 14.1
Armour         | 4 5 6 7 8 10 11 | 11.5
Throwing       | 1 2 3 |  3.4
Shields        | 4 5 6 |  6.3
Dodging        | 1 |  1.6
Stealth        | 1 |  1.4

Action                   |  1- 3 |  4- 6 |  7- 9 | 10-12 || total
-------------------------+-------+-------+-------+-------++-------
Melee: War axe           |    79 |    96 |   366 |   329 ||   870
Throw: Dart              |     2 |    13 |    13 |       ||    28
       Javelin           |       |    13 |    32 |       ||    45
Invok: Potion Petition   |       |       |       |     2 ||     2
  Use: Scroll            |       |    12 |     4 |     2 ||    18
       Potion            |       |     3 |     7 |     4 ||    14
 Stab: Distracted        |       |       |     1 |     3 ||     4
Armor: Scale mail        |    38 |       |       |       ||    38
       Plate armour      |       |    81 |   360 |   215 ||   656
       Skin              |       |       |       |    22 ||    22
Dodge: Dodged            |    38 |    26 |   151 |   114 ||   329
Block: Buckler           |    13 |    23 |   115 |    85 ||   236

Table legend: (Time is in decaauts)
 A = Elapsed time spent in this place.
 B = Non-inter-level travel time spent in this place.
 C = Inter-level travel time spent in this place.
 D = Time resting spent in this place.
 E = Time spent auto-exploring this place.
 F = Levels seen in this place.
 G = Mean time per level.
                   A        B        C        D        E       F      G
               +--------+--------+--------+--------+--------+-----+--------+
         Total |  16386 |  16061 |    325 |   7702 |   6354 |  12 | 1365.5 |
       Dungeon |  16278 |  15967 |    311 |   7702 |   6278 |  11 | 1479.8 |
        Temple |    107 |     93 |     14 |      0 |     76 |   1 |  107.0 |
               +--------+--------+--------+--------+--------+-----+--------+

Top non-repeatable levels by time:
     D:8: 3452 daAuts
    D:10: 2666 daAuts
     D:9: 1505 daAuts
     D:4: 1492 daAuts
     D:3: 1127 daAuts
     D:1: 1110 daAuts
     D:6: 1079 daAuts
     D:5: 1078 daAuts
     D:7: 957 daAuts
    D:11: 917 daAuts
     D:2: 891 daAuts
  Temple: 107 daAuts
